 Dungeon Crawl Stone Soup version 0.23.1-37-gaa34b87b72 (webtiles) character file.

Game seed: 772089021374327565

359 Marnok the Slasher (level 6, -1/48 HPs)
             Began as a Human Fighter on Mar 23, 2019.
             Slain by a bullfrog (3 damage)
             ... in a sewer.
             The game lasted 00:11:20 (2419 turns).

Marnok the Slasher (Human Fighter)                  Turns: 2419, Time: 00:11:21

Health: -1/48      AC:  7    Str: 17    XL:     6   Next: 98%
Magic:  6/6        EV:  7    Int: 14    God:
Gold:   49         SH: 10    Dex: 13    Spells: 5/5 levels left

rFire    . . .     SeeInvis .   a - +0 long sword
rCold    . . .     Gourm    .   c - +1 shield
rNeg     . . .     Faith    .   b - +0 scale mail
rPois    .         Spirit   .   (no helmet)
rElec    .         Reflect  .   (no cloak)
rCorr    .         Harm     .   (no gloves)
MR       .....                  (no boots)
Stlth    ..........             (no amulet)
HPRegen  0.16/turn              (no ring)
MPRegen  0.10/turn              (no ring)

@: brilliant
A: no striking features
a: no special abilities


You were in a sewer.
You were not hungry.

You visited 1 branch of the dungeon, and saw 3 of its levels.
You also visited: Sewer.

You collected 49 gold pieces.

Inventory:

Hand Weapons
 a - a +0 long sword (weapon)
 n - a +2 vampiric dagger
Armour
 b - a +0 scale mail (worn)
 c - a +1 shield (worn)
Jewellery
 g - an uncursed ring of resist corrosion
Scrolls
 e - a scroll of enchant armour
 j - 2 scrolls of remove curse
 k - a scroll of blinking
 l - 2 scrolls of immolation
 o - 4 scrolls of magic mapping {unknown}
 p - 3 scrolls of teleportation
Potions
 i - 2 potions of haste {unknown}
Comestibles
 f - 5 rations
 h - 2 chunks of flesh


   Skills:
 + Level 4.0 Fighting
 + Level 4.3 Long Blades
 + Level 3.9 Armour
 + Level 1.2 Dodging
 + Level 0.3 Stealth
 + Level 4.3 Shields


You had 5 spell levels left.
You didn't know any spells.
Your spell library was empty.

Dungeon Overview and Level Annotations

Branches:
Dungeon (3/15)

Altars:
Elyvilon


Message History

There is an open door here.
The bullfrog hits you.
* * * LOW HITPOINT WARNING * * *
You hit the bullfrog.
The bullfrog is almost dead.
The bullfrog hits you.
* * * LOW HITPOINT WARNING * * *
Your shield prevents you from hitting the bullfrog.
The bullfrog is almost dead.
The bullfrog barely misses you.
You riposte.
You miss the bullfrog.
The bullfrog is almost dead.
The bullfrog hits you but does no damage.
You barely miss the bullfrog.
The bullfrog is almost dead.
You block the bullfrog's attack.
The bullfrog hits you but does no damage.
It was a potion of brilliance.
You feel clever all of a sudden. The bullfrog hits you.
You die...

##### ####...####
####.........####
##.......SSl.....##
#.......#SS.......# #
##......##F##......##
#
#......###@.##Sll...#
# #.....##
#..##.Fl..## #
#≈≈≈≈≈≈# #####l≈≈≈≈≈#
# #≈≈≈≈≈≈# #≈≈≈≈≈≈# #
#≈≈≈≈≈≈# #≈≈≈≈≈≈# #
#≈≈≈≈≈≈# #≈≈≈≈≈≈# #
#≈≈≈≈≈≈# #≈≈≈≈≈≈# #
#≈....≈# #≈≈≈≈≈≈# #
#..(..≈# #≈≈≈≈≈≈#


You could see a bullfrog, 2 adders, 2 ball pythons and a frilled lizard.

Vanquished Creatures
  Sigmund (D:2)
  9 adders
  3 river rats (Sewer)
  2 worms (D:3)
  2 dart slugs (D:1)
  6 leopard geckos
  10 ball pythons
  4 giant cockroaches
  5 goblins
  4 hobgoblins
  5 jackals (D:2)
  8 kobolds
  3 bats
  A frilled lizard (D:2)
  30 rats
93 creatures vanquished.

Notes
Turn   | Place    | Note
-------+----------+-------------------------------------------
     0 | D:1      | Marnok the Human Fighter began the quest for the Orb.
     0 | D:1      | Reached XP level 1. HP: 18/18 MP: 1/1
    94 | D:1      | Reached XP level 2. HP: 24/24 MP: 2/2
   311 | D:1      | Reached XP level 3. HP: 29/29 MP: 3/3
   572 | D:2      | Noticed Sigmund
   587 | D:2      | Killed Sigmund
   587 | D:2      | Reached XP level 4. HP: 12/37 MP: 4/4
   587 | D:2      | Reached XP level 5. HP: 14/42 MP: 5/5
   923 | D:2      | Found a white marble altar of Elyvilon.
   943 | D:2      | Reached XP level 6. HP: 48/48 MP: 6/6
  1264 | D:3      | Reached skill level 1 in Dodging
  1378 | D:3      | Found a glowing drain.
  1414 | Sewer    | Entered a sewer
  2416 | Sewer    | HP: 2/48 [bullfrog (3)]
  2419 | Sewer    | Slain by a bullfrog

Skill      XL: |  1  2  3  4  5  6 |
---------------+-------------------+-----
Long Blades    | 3 4 |  4.3
Shields        | 4 |  4.3
Dodging        | 1 |  1.2
Fighting       | 4 |  4.0
Armour         | |  3.9
Stealth        | |  0.3

Action                   |  1- 3 |  4- 6 || total
-------------------------+-------+-------++-------
Melee: Long sword        |    45 |   275 ||   320
  Use: Potion            |     4 |     6 ||    10
       Scroll            |       |     7 ||     7
  Eat: Chunk             |       |     6 ||     6
Armor: Scale mail        |    14 |   165 ||   179
Dodge: Dodged            |    17 |   119 ||   136
Block: Shield            |    20 |   233 ||   253
       Rpst.: Long sword |     5 |    41 ||    46
